[Event "FIDE Chesscom Grand Swiss 2019"]
[Site "Douglas-Isle of Man"]
[Date "2019.10.14"]
[Round "5.33"]
[White "Bulmaga, Irina"]
[Black "Iturrizaga Bonelli, Eduardo"]
[Result "1/2-1/2"]
[ECO "B12"]
[WhiteElo "2442"]
[BlackElo "2629"]
[Annotator "RC"]
[PlyCount "84"]
[EventDate "2019.10.10"]
[EventType "swiss"]
[EventCountry "GBR"]
[SourceTitle "playchess.com"]
[Source "ChessBase"]
[SourceQuality "1"]
[TimeControl "40/6000+30:20/3000+30:900+30"]

1. e4 c6 2. d4 d5 3. e5 Bf5 4. Nf3 e6 5. Be2 Nd7 6. O-O Bb4 7. c3 Ba5 8. Re1 h6 9. Nbd2 Ne7 10. Nf1 O-O 11. Ng3 Bh7 12. Qd2 Qe8 13. Bd1 f6 14. exf6 Rxf6 15. a4 Bc7 16. a5 a6 17. Qe2 Kh8 18. b4 Ng6 19. Bc2 Qf7 20. Nh5 Rxf3 21. Qxf3 Qxf3 22. gxf3 Nh4 23. Bd1 e5 24. f4 e4 25. Ng3 Nf6 26. Bd2 Ng6 27. Nh5 Nxh5 28. Bxh5 Nxf4 29. Bxf4 Bxf4 30. Ra2 Rf8 31. Bg4 Bg6 32. Rae2 Kh7 33. Kh1 Bg5 34. Kg1 Bh4 35. Rf1 Rf4 36. Bc8 Bh5 37. Re3 Rf7 38. c4 Re7 39. cxd5 cxd5 40. Rh3 g5 41. Rc3 Be2 42. Re1 Bb5 1/2-1/2

[Event "FIDE Chesscom Grand Swiss 2019"]
[Site "Douglas-Isle of Man"]
[Date "2019.10.14"]
[Round "5.34"]
[White "Henderson de La Fuente, Lance"]
[Black "Atalik, Ekaterina"]
[Result "1-0"]
[ECO "B10"]
[WhiteElo "2494"]
[BlackElo "2464"]
[Annotator "RC"]
[PlyCount "79"]
[EventDate "2019.10.10"]
[EventType "swiss"]
[EventCountry "GBR"]
[SourceTitle "playchess.com"]
[Source "ChessBase"]
[SourceQuality "1"]
[TimeControl "40/6000+30:20/3000+30:900+30"]

1. e4 c6 2. Nf3 d5 3. exd5 cxd5 4. Ne5 a6 5. d4 Nf6 6. Bd3 g6 7. O-O Bg7 8. Nd2 O-O 9. c3 Nbd7 10. Ndf3 Nxe5 11. Nxe5 Nd7 12. Nf3 Nf6 13. Re1 b6 14. Bf4 Bb7 15. Qb3 Nh5 16. Bg5 Re8 17. Qc2 Qd6 18. g3 Bc8 19. Ne5 f6 20. g4 Bxg4 21. Nxg4 fxg5 22. Re3 Nf4 23. Rae1 e6 24. a4 Rf8 25. f3 a5 26. Bf1 Rf5 27. Nf2 Raf8 28. Nh3 e5 29. dxe5 Bxe5 30. Nxf4 Bxf4 31. Re6 Qc5+ 32. Kh1 g4 33. fxg4 Bxh2 34. Bg2 Rf2 35. R6e2 Bg3 36. Rxf2 Rxf2 37. Re2 Kg7 38. Rxf2 Bxf2 39. Qd2 Qf8 40. Qxd5 1-0

[Event "FIDE Chesscom Grand Swiss 2019"]
[Site "Douglas-Isle of Man"]
[Date "2019.10.14"]
[Round "5.35"]
[White "Prithu Gupta"]
[Black "Gavrilescu, David"]
[Result "1-0"]
[ECO "C11"]
[WhiteElo "2493"]
[BlackElo "2451"]
[Annotator "ChessBase"]
[PlyCount "49"]
[EventDate "2019.10.10"]
[EventType "swiss"]
[EventCountry "GBR"]
[SourceTitle "playchess.com"]
[Source "ChessBase"]
[SourceQuality "1"]
[TimeControl "40/6000+30:20/3000+30:900+30"]

1. e4 e6 2. d4 d5 3. Nc3 Nf6 4. e5 Nfd7 5. f4 c5 6. Nf3 Nc6 7. Be3 cxd4 8. Nxd4 Qb6 9. Qd2 Qxb2 10. Rb1 Qa3 11. Bb5 Nxd4 12. Bxd4 a6 13. Bxd7+ Bxd7 14. Rb3 Qe7 15. Rxb7 Rc8 16. O-O Qd8 17. f5 Rc4 18. Rfb1 exf5 19. Nxd5 Be6 20. Bb6 Bc5+ 21. Bxc5 Rxc5 22. Re7+ Kf8 23. Qb4 Rxd5 24. Rxe6+ Kg8 25. Rd6 1-0

[Event "FIDE Chesscom Grand Swiss 2019"]
[Site "Douglas-Isle of Man"]
[Date "2019.10.14"]
[Round "5.36"]
[White "Arkell, Keith C"]
[Black "Kashlinskaya, Alina"]
[Result "1/2-1/2"]
[ECO "D02"]
[WhiteElo "2447"]
[BlackElo "2481"]
[Annotator "RC"]
[PlyCount "244"]
[EventDate "2019.10.10"]
[EventType "swiss"]
[EventCountry "GBR"]
[SourceTitle "playchess.com"]
[Source "ChessBase"]
[SourceQuality "1"]
[TimeControl "40/6000+30:20/3000+30:900+30"]

1. Nf3 d5 2. d4 Nf6 3. c3 Bf5 4. Qb3 Qc8 5. Bg5 Nbd7 6. e3 e6 7. c4 c6 8. Nc3 h6 9. Bf4 Be7 10. cxd5 exd5 11. Rc1 O-O 12. Be2 b6 13. O-O Qb7 14. Ne5 Nxe5 15. Bxe5 Qd7 16. Rfd1 Qe6 17. Ba6 Nd7 18. Bg3 h5 19. Bb7 h4 20. Bc7 Bg4 21. Re1 Rab8 22. Bxb8 Nxb8 23. f3 Bh5 24. Ne2 g5 25. e4 Qd7 26. Ba8 dxe4 27. fxe4 Bxe2 28. Rxe2 Qxd4+ 29. Kh1 Qe5 30. Qc3 Qf4 31. e5 Rd8 32. h3 Bc5 33. e6 Bd6 34. exf7+ Kxf7 35. g3 Qxg3 36. Qxg3 Bxg3 37. Bxc6 Na6 38. Bf3 Nb4 39. Rf1 Bf4 40. a3 Na6 41. Rfe1 Nc7 42. Re7+ Kg6 43. R1e2 Bd6 44. R7e4 Bg3 45. Rc4 Kf6 46. Rc6+ Rd6 47. Rxd6+ Bxd6 48. Bg4 Be5 49. Kg2 Nb5 50. Rc2 Bf4 51. Re2 Nd4 52. Re4 Be5 53. Kf2 Nb3 54. Rb4 Nc5 55. Ke3 Ke7 56. Kd2 Kd6 57. Kc2 Kd5 58. Bf3+ Kd6 59. a4 Ne6 60. Bg4 Nc5 61. b3 Kd5 62. Bf3+ Kd6 63. Rb5 Na6 64. Rd5+ Ke6 65. Rd8 Nc5 66. Bg4+ Ke7 67. Rd5 Kf6 68. a5 Na6 69. Rd7 Nc7 70. axb6 axb6 71. Kd3 Bg3 72. b4 Na6 73. Kc4 Nc7 74. b5 Bf4 75. Rh7 Kg6 76. Rh8 Bg3 77. Rf8 Kg7 78. Rf1 Bf4 79. Bd7 Kf6 80. Re1 Bg3 81. Re3 Bf4 82. Re2 Bg3 83. Kd4 Bf4 84. Re1 Bg3 85. Rd1 Bf4 86. Ke4 Bg3 87. Rc1 Ke7 88. Rd1 Kf6 89. Kf3 Bf4 90. Kg4 Ke5 91. Bc6 Kf6 92. Rd7 Ke6 93. Rd8 Ke7 94. Rb8 Be3 95. Kf5 Kd6 96. Rd8+ Kc5 97. Rd3 Bf4 98. Rc3+ Kb4 99. Rc2 Kb3 100. Re2 Kc4 101. Rb2 Kc3 102. Rb1 Kc4 103. Bd7 Kc5 104. Rb2 Kd6 105. Bc6 Kc5 106. Ke4 Kd6 107. Rc2 Ke6 108. Rc3 Kf6 109. Rd3 Ne6 110. Rd5 Nc7 111. Rd8 Ne6 112. Re8 Bg3 113. Rc8 Bh2 114. Kf3 Bf4 115. Kg4 Kg6 116. Bd5 Nc7 117. Bc4 Kf6 118. Rf8+ Ke5 119. Rb8 Kd4 120. Bf1 Kc5 121. Rc8 Kb4 122. Rb8 Kc5 1/2-1/2

[Event "FIDE Chesscom Grand Swiss 2019"]
[Site "Douglas-Isle of Man"]
[Date "2019.10.14"]
[Round "5.37"]
[White "Clarke, Brandon G I"]
[Black "Stefanova, Antoaneta"]
[Result "0-1"]
[ECO "B12"]
[WhiteElo "2445"]
[BlackElo "2479"]
[Annotator "ChessBase"]
[PlyCount "106"]
[EventDate "2019.10.10"]
[EventType "swiss"]
[EventCountry "GBR"]
[SourceTitle "playchess.com"]
[Source "ChessBase"]
[SourceQuality "1"]
[TimeControl "40/6000+30:20/3000+30:900+30"]

1. e4 c6 2. d4 d5 3. e5 c5 4. dxc5 e6 5. a3 Bxc5 6. Nf3 Ne7 7. Bd3 Ng6 8. O-O Qc7 9. Re1 O-O 10. b4 Be7 11. Bb2 a5 12. b5 a4 13. Nbd2 Nd7 14. c4 Nc5 15. Bf1 Rd8 16. Qc2 b6 17. g3 Bb7 18. h4 Nb3 19. Nxb3 axb3 20. Qxb3 dxc4 21. Qc3 Bc5 22. Rad1 Bd5 23. Nd2 Qe7 24. h5 Nf4 25. Nxc4 Qg5 26. Nd6 Nxh5 27. Rd3 Nf4 28. Ne4 Qg6 29. Rf3 Nh3+ 30. Bxh3 Bxe4 31. Rfe3 Bxe3 32. Qxe3 Bd5 33. Bd4 Qc2 34. Bxb6 Rdb8 35. Bf1 Ra4 36. Bd3 Qb3 37. Rb1 Qa2 38. Bc7 Rc8 39. Bd6 Bb7 40. Rd1 Kh8 41. Bf1 Qc2 42. Rd4 Rxd4 43. Qxd4 Qc1 44. Bb4 Bd5 45. Qe3 Qd1 46. Bc3 Qf3 47. Qxf3 Bxf3 48. Bb4 Rc1 49. b6 Rb1 50. g4 h6 51. Bc5 Bb7 52. Bb4 Ba6 53. b7 Bxb7 0-1

[Event "FIDE Chesscom Grand Swiss 2019"]
[Site "Douglas-Isle of Man"]
[Date "2019.10.14"]
[Round "5.38"]
[White "Danielian, Elina"]
[Black "Movsziszian, Karen"]
[Result "1/2-1/2"]
[ECO "A42"]
[WhiteElo "2385"]
[BlackElo "2475"]
[Annotator "ChessBase"]
[PlyCount "97"]
[EventDate "2019.10.10"]
[EventType "swiss"]
[EventCountry "GBR"]
[SourceTitle "playchess.com"]
[Source "ChessBase"]
[SourceQuality "1"]
[TimeControl "40/6000+30:20/3000+30:900+30"]

1. d4 d6 2. Nf3 g6 3. g3 Bg7 4. Bg2 Nd7 5. c4 e5 6. Nc3 Ne7 7. O-O O-O 8. e4 exd4 9. Nxd4 Nc6 10. Nxc6 bxc6 11. Qc2 Ne5 12. c5 dxc5 13. Rd1 Qe7 14. h3 c4 15. Be3 Be6 16. Ne2 Rab8 17. Rab1 Nd3 18. Nd4 Bd7 19. b3 c5 20. Nf3 Bc6 21. Qxc4 Nb2 22. Rxb2 Bxb2 23. Bxc5 Qxe4 24. Qxe4 Bxe4 25. Bxf8 Kxf8 26. Rd7 h6 27. Nd2 Bf5 28. Rxc7 Rd8 29. Nc4 Bd4 30. g4 Be6 31. Bf3 Rd7 32. Rxd7 Bxd7 33. Kg2 Ke7 34. Bd5 f5 35. f3 Kf6 36. Kg3 fxg4 37. fxg4 h5 38. Kf4 hxg4 39. hxg4 g5+ 40. Kf3 Bc5 41. a3 Bb5 42. b4 Bxc4 43. Bxc4 Bg1 44. Ke4 Ke7 45. Kd5 Kd7 46. a4 Kc7 47. a5 Be3 48. b5 Bd2 49. b6+ 1/2-1/2

[Event "FIDE Chesscom Grand Swiss 2019"]
[Site "Douglas-Isle of Man"]
[Date "2019.10.14"]
[Round "5.40"]
[White "Paehtz, Elisabeth"]
[Black "Kolbus, Dietmar"]
[Result "1/2-1/2"]
[ECO "D03"]
[WhiteElo "2489"]
[BlackElo "2300"]
[Annotator "ChessBase"]
[PlyCount "81"]
[EventDate "2019.10.10"]
[EventType "swiss"]
[EventCountry "GBR"]
[SourceTitle "playchess.com"]
[Source "ChessBase"]
[SourceQuality "1"]
[TimeControl "40/6000+30:20/3000+30:900+30"]

1. d4 Nf6 2. Nf3 g6 3. Bg5 Bg7 4. Nbd2 d5 5. e3 c6 6. Be2 Nbd7 7. h3 Qa5 8. c3 Ne4 9. b4 Qd8 10. Nxe4 dxe4 11. Nd2 f5 12. Qb3 Nf6 13. O-O Nd5 14. c4 Nc7 15. Rad1 Be6 16. f3 exf3 17. Nxf3 b5 18. Bf4 Bxc4 19. Bxc4 bxc4 20. Qxc4 Qd5 21. Rc1 Qxc4 22. Rxc4 Nd5 23. Rfc1 O-O 24. a3 a5 25. Rxc6 axb4 26. axb4 Nxb4 27. Re6 Nd3 28. Rc7 Nxf4 29. exf4 Bf6 30. Kf2 Rac8 31. Rec6 Rxc7 32. Rxc7 Rd8 33. Ke3 Rd5 34. g4 Kf8 35. g5 Bg7 36. h4 Ra5 37. Rc8+ Kf7 38. Rd8 Ra3+ 39. Ke2 Ra2+ 40. Ke3 Ra3+ 41. Ke2 1/2-1/2

[Event "FIDE Chesscom Grand Swiss 2019"]
[Site "Douglas-Isle of Man"]
[Date "2019.10.14"]
[Round "5.41"]
[White "Solomon, Kenny"]
[Black "Jansa, Vlastimil"]
[Result "1/2-1/2"]
[ECO "D85"]
[WhiteElo "2382"]
[BlackElo "2452"]
[Annotator "ChessBase"]
[PlyCount "127"]
[EventDate "2019.10.10"]
[EventType "swiss"]
[EventCountry "GBR"]
[SourceTitle "playchess.com"]
[Source "ChessBase"]
[SourceQuality "1"]
[TimeControl "40/6000+30:20/3000+30:900+30"]

1. d4 Nf6 2. c4 g6 3. Nc3 d5 4. Nf3 Bg7 5. cxd5 Nxd5 6. e4 Nxc3 7. bxc3 c5 8. Be3 Qa5 9. Qd2 Nc6 10. Rb1 a6 11. Rc1 cxd4 12. cxd4 Qxd2+ 13. Kxd2 e6 14. Bd3 O-O 15. h4 Bd7 16. h5 Rfc8 17. Rb1 Na5 18. hxg6 hxg6 19. e5 Bb5 20. Bxb5 axb5 21. Rxb5 Nc4+ 22. Kd3 Nxe3 23. fxe3 Rxa2 24. g4 Rg2 25. g5 Rc7 26. Rhb1 Rg3 27. Rf1 Rg2 28. Rb3 Bf8 29. Rg1 Rxg1 30. Nxg1 Be7 31. Nf3 Kf8 32. e4 Rd7 33. Rb5 Rc7 34. Rb1 Rd7 35. Rb3 Ke8 36. Ke3 Kd8 37. Rb5 Rc7 38. Kd3 Kc8 39. Rb1 Rd7 40. Rb5 Rc7 41. Rb1 Rd7 42. Rb2 Kb8 43. Rb5 Ka7 44. Rb1 Ka6 45. Ra1+ Kb5 46. Rb1+ Ka4 47. Rc1 b5 48. Rc8 Bd8 49. Ra8+ Kb4 50. Rb8 Ka5 51. Ra8+ Kb6 52. Rb8+ Ka6 53. Ra8+ Kb7 54. Ra1 Be7 55. Kc3 Rd8 56. Rh1 Ra8 57. Kb2 Ra3 58. Nd2 Rd3 59. Nb3 Rf3 60. Rg1 Rf2+ 61. Kc3 Rf3+ 62. Kc2 Rf2+ 63. Kc3 Rf3+ 64. Kc2 1/2-1/2

[Event "FIDE Chesscom Grand Swiss 2019"]
[Site "Douglas-Isle of Man"]
[Date "2019.10.14"]
[Round "5.42"]
[White "Batsiashvili, Nino"]
[Black "Nebolsina, Vera"]
[Result "1-0"]
[ECO "A28"]
[WhiteElo "2422"]
[BlackElo "2252"]
[Annotator "NA"]
[PlyCount "45"]
[EventDate "2019.10.10"]
[EventType "swiss"]
[EventCountry "GBR"]
[SourceTitle "playchess.com"]
[Source "ChessBase"]
[SourceQuality "1"]
[TimeControl "40/6000+30:20/3000+30:900+30"]

1. c4 e5 2. Nc3 Nc6 3. Nf3 Nf6 4. e4 Bc5 5. Nxe5 Nxe5 6. d4 Bd6 7. c5 Bxc5 8. dxc5 Qe7 9. Be2 O-O 10. Bg5 Qxc5 11. Bxf6 gxf6 12. Rc1 c6 13. Qd2 Qe7 14. f4 Ng6 15. h4 f5 16. exf5 Nxh4 17. Qd3 d5 18. Qg3+ Ng6 19. Qh2 Qh4+ 20. Qxh4 Nxh4 21. Rxh4 Bxf5 22. g4 Bd7 23. Bd3 1-0